 Dungeon Crawl Stone Soup version 0.27-a0-1202-ge72e49191c (webtiles) character file.

Game seed: 9654114816527462536

39 bande the Skirmisher (level 3, -1/24 HPs)
             Began as a Gargoyle Fighter on June 5, 2021.
             Slain by Terence
             ... wielding a +0 flail
              (3 damage)
             ... on level 2 of the Dungeon.
             The game lasted 00:01:40 (1667 turns).

bande the Skirmisher (Gargoyle Fighter)             Turns: 1667, Time: 00:01:41

Health: -1/24      AC: 10    Str: 19    XL:     3   Next: 47%
Magic:  3/3        EV:  7    Int:  8    God:
Gold:   59         SH:  9    Dex: 10    Spells: 2/2 levels left

rFire    . . .     SeeInvis .   a - +0 war axe
rCold    . . .     Faith    .   c - +0 kite shield
rNeg     + . .     Spirit   .   b - +0 scale mail
rPois    ∞         Reflect  .   (no helmet)
rElec    +         Harm     .   (no cloak)
rCorr    .         Rampage  .   (no gloves)
Will     .....                  (no boots)
Stlth    ..........             (no amulet)
HPRegen  0.08/turn              (no ring)
MPRegen  0.08/turn              (no ring)

@: mighty
A: sickness immunity, AC +3, negative energy resistance 1, electricity
resistance, torment resistance 1, petrification resistance
a: no special abilities


You were on level 2 of the Dungeon.
You visited 1 branch of the dungeon, and saw 2 of its levels.

You collected 59 gold pieces.

Inventory:

Hand Weapons
 a - a +0 war axe (weapon)
Missiles
 i - 6 curare-tipped darts (quivered)
Armour
 b - a +0 scale mail (worn)
 c - a +0 kite shield (worn)
Jewellery
 g - a ring of wizardry
Scrolls
 e - 3 scrolls of identify {unknown}
 f - a scroll of silence {unknown}
 h - a scroll of teleportation {unknown}


   Skills:
 + Level 3.8 Fighting
 + Level 2.4 Axes
 + Level 3.7 Armour
 + Level 3.5 Shields


You had 2 spell levels left.
You didn't know any spells.
Your spell library contained the following spells:

 Spells                   Type           Power      Damage    Failure   Level
 Beastly Appendage        Tmut           0%         N/A       99%         1
 Magic Dart               Conj           0%         1d3       99%         1
 Searing Ray              Conj           0%         3d3       100%        2
 Wereblood                Tmut           0%         N/A       100%        2
 Dazzling Flash           Conj/Hex       0%         N/A       100%        3
 Spider Form              Tmut/Pois      0%         N/A       100%        3
 Fulminant Prism          Conj/Hex       0%         3d6       100%        4
 Ice Form                 Ice/Tmut       0%         N/A       100%        4
 Iskenderun's Mystic Bla  Conj/Tloc      0%         2d3       100%        4
 Hydra Form               Tmut           0%         N/A       100%        5


Dungeon Overview and Level Annotations

Branches:
Dungeon (2/15)

Altars:

Shops:
D:2 (

Annotations:
D:2 Terence


Innate Abilities, Weirdness & Mutations

You are immune to sickness and miasma.
Your stone body is resilient. (AC +3)
You are immune to poison.
You resist negative energy. (rN+)
You are resistant to electric shocks. (rElec)
You are resistant to unholy torment.
You are immune to petrification.


Message History

Terence hits you but does no damage. Terence hits you with a +0 flail.
You barely miss Terence.
Terence is lightly wounded.
You block Terence's attack. Terence hits you with a +0 flail.
You hit Terence.
Terence is heavily wounded.
You block Terence's attack.
You closely miss Terence.
Terence is heavily wounded.
Terence hits you but does no damage. You block Terence's attack.
You hit Terence.
Terence is severely wounded.
You block Terence's attack.
You completely miss Terence.
Terence is severely wounded.
You block Terence's attack. Terence hits you with a +0 flail!
You are too injured to fight recklessly!
You are too injured to fight recklessly!
You are too injured to fight recklessly!
You are too injured to fight recklessly!
You are too injured to fight recklessly!
You are too injured to fight recklessly!
You are too injured to fight recklessly!
You closely miss Terence.
Terence is heavily wounded.
Terence hits you but does no damage.
You hit Terence.
Terence is severely wounded.
Terence hits you with a +0 flail.
* * * LOW HITPOINT WARNING * * *
Terence hits you with a +0 flail.
* * * LOW HITPOINT WARNING * * *
You hit Terence but do no damage.
Terence is severely wounded.
Terence hits you with a +0 flail.
* * * LOW HITPOINT WARNING * * *
Terence barely misses you.
You feel very mighty all of a sudden. Terence hits you with a +0 flail.
You die...

###### #######
...... #.....#
....... #.###.#
(......##...#.#####
.....##.........@.#
.......>...#..###@#
.....##.##....# ...
....###.#####.#
.###
....###.....#.# .#
.....##.......# .#
.....##..##.### .#
.....##..#......#.#
....).#..########


You could see Terence.

Vanquished Creatures
  An adder (D:2)
  A dart slug (D:1)
  4 ball pythons
  An endoplasm (D:1)
  2 giant cockroaches (D:1)
  3 goblins
  3 hobgoblins (D:1)
  4 jackals (D:2)
  A bat (D:1)
  2 frilled lizards (D:1)
  A kobold (D:1)
  2 rats (D:1)
25 creatures vanquished.

Notes
Turn   | Place    | Note
-------+----------+-------------------------------------------
     0 | D:1      | bande the Gargoyle Fighter began the quest for the Orb.
     0 | D:1      | Reached XP level 1. HP: 14/14 MP: 1/1
   203 | D:1      | Found a faded altar of an unknown god.
   319 | D:1      | Reached XP level 2. HP: 19/19 MP: 2/2
  1274 | D:2      | Reached XP level 3. HP: 7/24 MP: 3/3
  1487 | D:2      | Found Uromn's Weapon Boutique.
  1651 | D:2      | Noticed Terence
  1667 | D:2      | Slain by Terence

Illustrated notes

Levels and vault maps discovered:
D:1:      dpeg_arrival_signposts, layout_basic, chequers_ecumenical_altar_island
D:2:      layout_basic, serial_shops, shop, uniq_terence

Skill      XL: |  1  2 |
---------------+-------+-----
Axes           | 2 |  2.4
Fighting       | |  3.8
Armour         | |  3.7
Shields        | |  3.5

Action                   || total
-------------------------++-------
Melee: War axe           ||    91
  Use: Potion            ||     1
Armor: Scale mail        ||    47
Dodge: Dodged            ||    29
Block: Kite shield       ||    53

Table legend: (Time is in decaauts)
 A = Elapsed time spent in this place.
 B = Non-inter-level travel time spent in this place.
 C = Inter-level travel time spent in this place.
 D = Time resting spent in this place.
 E = Time spent auto-exploring this place.
 F = Levels seen in this place.
 G = Mean time per level.
                   A        B        C        D        E       F      G
               +--------+--------+--------+--------+--------+-----+--------+
         Total |   1726 |   1679 |     47 |    204 |   1236 |   2 |  863.0 |
       Dungeon |   1726 |   1679 |     47 |    204 |   1236 |   2 |  863.0 |
               +--------+--------+--------+--------+--------+-----+--------+

Top non-repeatable levels by time:
     D:1: 1242 daAuts
     D:2: 484 daAuts
